 Dungeon Crawl Stone Soup version 0.16-a0-1212-geefc3ab (webtiles) character file.

60 Hullio the Slasher (level 3, -2/27 HPs)
             Began as a Demonspawn Gladiator on Oct 12, 2014.
             Killed from afar by Ijyb (8 damage)
             ... with a wand of magic darts
             ... on level 2 of the Dungeon.
             The game lasted 00:03:32 (1281 turns).

Hullio the Slasher (Demonspawn Gladiator)           Turns: 1281, Time: 00:03:32

Health: -2/27      AC:  4    Str: 15    XL:     3   Next: 80%
Magic:  3/3        EV: 12    Int:  9    God:
Gold:   70         SH:  0    Dex: 14    Spells: 0 memorised, 2 levels left

rFire  . . .     SeeInvis +     a - +0 long sword
rCold  . . .     Clarity  .     b - +0 leather armour
rNeg   . . .     SustAb   .     (no shield)
rPois  .         Gourm    .     c - +0 helmet
rElec  .         Spirit   .     (no cloak)
rCorr  .         Warding  .     (no gloves)
rMut   .         Stasis   .     (no boots)
MR     .....                    (no amulet)
Stlth  +.........               (no ring)
                                n - ring of see invisible

@: not resistant to hostile enchantments, very unstealthy
A: talons 1
a: no special abilities


You were on level 2 of the Dungeon.
You were very hungry.

You visited 1 branch of the dungeon, and saw 2 of its levels.

You collected 70 gold pieces.

Inventory:

Hand weapons
 a - a +0 long sword (weapon)
Armour
 b - a +0 leather armour (worn)
 c - a +0 helmet (worn)
Magical devices
 o - a wand of enslavement (9)
Comestibles
 f - 4 bread rations
 i - a beef jerky
 k - 2 meat rations
Scrolls
 g - 2 scrolls of amnesia {unknown}
 h - a scroll of teleportation
Jewellery
 n - a ring of see invisible (left hand)
 p - a -2 ring of evasion
Potions
 e - a potion of invisibility {unknown}
 j - 3 potions of mutation {unknown}
 m - a potion of restore abilities {unknown}


   Skills:
 - Level 2.0 Fighting
 + Level 4.3 Long Blades
 - Level 1.7 Throwing
 - Level 2.6 Dodging


You had 2 spell levels left.
You didn't know any spells.

Dungeon Overview and Level Annotations

Branches:
Dungeon (2/15)

Altars:

Annotations:
D:2 Ijyb


Innate Abilities, Weirdness & Mutations

You have sharp toenails.


Message History

Drink which item? (? for menu, Esc to quit)
Okay, then.
Throwing (i - inventory):
d - 2 throwing nets (quivered)
Press: ? - help, Shift-Dir - straight line, f - Ijyb
Aim: Ijyb, wielding a club, wearing a scale mail and carrying a wand of magic darts {zapped: 2} (fast)
You throw a throwing net. The throwing net barely misses Ijyb.
Ijyb zaps a wand.
The magic dart hits you!
Throwing (i - inventory):
d - a throwing net (quivered)
Press: ? - help, Shift-Dir - straight line, f/p - Ijyb
Aim: Ijyb, wielding a club, wearing a scale mail and carrying a wand of magic darts {zapped: 3} (fast)
You throw a throwing net. The throwing net hits Ijyb.
Ijyb is caught in the net!
Ijyb zaps a wand.
The magic dart hits you!
Ijyb struggles to escape the net.
You hit Ijyb but do no damage. You claw Ijyb, but do no damage.
Ijyb zaps a wand.
The magic dart hits you!
* * * LOW HITPOINT WARNING * * *
Ijyb struggles against the net.
You hit Ijyb but do no damage.
Ijyb struggles against the net.
Ijyb zaps a wand.
The magic dart hits you!
You die...

#>.......(............##..####...
#.###################..#..##.....
...[# ##### ##.#..##..... ....#
...... #.#..##..... ....# ..."...
#.#...+..... .#### (......
#.#.###..... .# ....... #.#.#
#..... .# .?......#######.#.#
###### .# ....(...g@....#.#.# .#
........#####.#.#.# ## .# ####...
#.#.#.#######. ## #.##
#.#...##...... #. #.##..##......
# #............. ####.>...%..#.
#.#...##.#. #....###.#.


You could see Ijyb (caught).

Vanquished Creatures
  Jessica (D:2)
  2 adders (D:2)
  A giant gecko (D:2)
  4 goblins
  2 hobgoblins
  5 kobolds
  6 bats (D:1)
  2 giant cockroaches
  4 rats
27 creatures vanquished.

Notes
Turn   | Place    | Note
--------------------------------------------------------------
     0 | D:1      | Hullio, the Demonspawn Gladiator, began the quest for the Orb.
     0 | D:1      | Reached XP level 1. HP: 16/16 MP: 1/1
    92 | D:1      | Reached skill level 3 in Long Blades
   180 | D:1      | Gained mutation: You have sharp toenails. [demonic ancestry]
   180 | D:1      | Reached XP level 2. HP: 13/22 MP: 2/2
   833 | D:2      | Noticed Jessica
   845 | D:2      | Killed Jessica
   845 | D:2      | Reached XP level 3. HP: 19/27 MP: 3/3
   985 | D:2      | Reached skill level 4 in Long Blades
  1272 | D:2      | Noticed Ijyb
  1281 | D:2      | Killed from afar by Ijyb

Action                   || total
-------------------------++-------
Melee: Long sword        ||    88
Throw: Throwing net      ||     4
  Use: Scroll            ||     3
 Stab: Held in net/web   ||     2
